 Dungeon Crawl Stone Soup version 0.29.1-1-gd02db6906a (webtiles) character file.

Game seed: 18008937465184582165

25 LustLizard the Vexing (level 2, -2/14 HPs)
             Began as a Spriggan Arcane Marksman on Sept 23, 2022.
             Killed from afar by Sigmund (10 damage)
             ... with a magic dart
             ... on level 4 of the Dungeon.
             The game lasted 00:02:30 (1142 turns).

LustLizard the Vexing (Spriggan Arcane Marksman)    Turns: 1142, Time: 00:02:30

Health: -2/14      AC:  2    Str:  6    XL:     2   Next: 82%
Magic:  5/5        EV: 17    Int: 14    God:
Gold:   133        SH:  0    Dex: 15    Spells: 2/3 levels left

rFire   . . .      SeeInvis +   a - +1 sling
rCold   . . .      Faith    .   (no shield)
rNeg    . . .      Spirit   .   c - +0 robe
rPois   .          Reflect  .   (helmet restricted)
rElec   .          Harm     .   (no cloak)
rCorr   .          Rampage  .   (gloves unavailable)
Will    .....                   (boots unavailable)
Stlth   +.........              (no amulet)
HPRegen 0.04/turn               d - ring of flight
MPRegen 0.09/turn               (no ring)

@: confused, flying, very quick
A: very small, no large weapons, unfitting armour, see invisible, speed 3
a: no special abilities


You were on level 4 of the Dungeon.
You visited 1 branch of the dungeon, and saw 3 of its levels.

You collected 133 gold pieces.

Inventory:

Hand Weapons
 a - a +1 sling (weapon)
Armour
 c - a +0 robe (worn)
Jewellery
 d - a ring of flight (left hand)
Scrolls
 b - a scroll of poison
 e - 4 scrolls of fear {unknown}
 g - a scroll of amnesia {unknown}
 h - a scroll of enchant weapon {unknown}
Potions
 f - a potion of magic {unknown}
 i - 2 potions of attraction {unknown}


   Skills:
 + Level 1.1 Fighting
 * Level 2.5 Ranged Weapons
 - Level 2.6 Dodging
 * Level 1.9 Stealth
 - Level 1.3 Spellcasting
 - Level 4.0 Hexes


You had 2 spell levels left.
You knew the following spells:

 Your Spells              Type           Power      Damage    Failure   Level
a - Slow                  Hex            48%        N/A       4%          1

Your spell library contained the following spells:

 Spells                   Type           Power      Damage    Failure   Level
 Inner Flame              Hex/Fire       6%         N/A       32%         3
 Portal Projectile        Hex/Tloc       12%        N/A       32%         3
 Cause Fear               Hex            6%         N/A       43%         4


Dungeon Overview and Level Annotations

Branches:
Dungeon (2/15)

Altars:

Shops:
D:2 =

Annotations:
D:4 Sigmund


Innate Abilities, Weirdness & Mutations

You are very small and have problems with some larger weapons.
You are too small for most types of armour.
You have supernaturally acute eyesight. (SInv)
You cover ground extremely quickly. (Speed+++)


Message History

You are sucked into a shaft and drop 2 floors!
The shaft crumbles and collapses.
You hear the hiss of flowing sand.
There is an entrance to an ossuary on this level.
Hurry and find it before the portal is buried!
A hound comes into view.
Found 4 gold pieces.
Found a leather armour.
An endoplasm comes into view.
The endoplasm quivers.
Found 20 gold pieces.
You shoot a sling bullet. The sling bullet hits the endoplasm.
You kill the endoplasm!
No target in view!
You now have 133 gold pieces (gained 20).
Found a glowing whip.
A ball python comes into view.
You shoot a sling bullet. The sling bullet hits the ball python.
The ball python is moderately wounded.
You shoot a sling bullet. The sling bullet hits the ball python.
You kill the ball python!
A kobold comes into view. It is wielding a +0 whip.
You shoot a sling bullet. The sling bullet hits the kobold.
You kill the kobold!
A goblin comes into view. It is wielding a +0 club.
You shoot a sling bullet.
The sling bullet hits the goblin but does no damage.
The goblin shouts!
You hear a shout!
Sigmund the Dreaded comes into view.
He is wielding a +0 scythe.
You shoot a sling bullet. The sling bullet barely misses Sigmund.
Sigmund casts a spell at you. The magic dart hits you.
Sigmund closely misses you.
Sigmund smiles chillingly.
Sigmund gestures at you while chanting.
You are confused.
You bump into the rock wall.
Sigmund points at you and mumbles some strange words.
The magic dart hits you!
Ouch! That really hurt!
You die...

.........
#....)# #@#
#.#.# #.#.#
##.#.#
#..#.#
#.##.#
#@##.#
.###.#.##.#
###
#.....)....#
#[.
...##....#.#
#.# ###..#.#
#.# #..#.#
#.### #..#.#
#...###.#
##..#.#
........#
#.....#


You could see Sigmund.

Vanquished Creatures
  A bat (D:1)
  4 endoplasms
  2 giant cockroaches
  A hobgoblin (D:2)
  2 quokkas
  6 ball pythons
  2 frilled lizards
  4 kobolds
  2 rats (D:2)
24 creatures vanquished.

Notes
Turn   | Place    | Note
-------+----------+-------------------------------------------
     0 | D:1      | LustLizard the Spriggan Arcane Marksman began the quest for
                  | the Orb.
     0 | D:1      | Reached XP level 1. HP: 9/9 MP: 3/3
   342 | D:1      | Reached skill level 1 in Stealth
   409 | D:1      | Reached skill level 1 in Fighting
   409 | D:1      | Reached XP level 2. HP: 14/14 MP: 5/5
   878 | D:2      | Found Yritueluo's Jewellery Shop.
   883 | D:2      | Identified the +1 ring mail "Racoej Zoa" {rN+ Int+2}
  1022 | D:2      | Reached skill level 4 in Hexes
  1080 | D:2      | You are sucked into a shaft and drop 2 floors!
  1134 | D:4      | Noticed Sigmund
  1142 | D:4      | Killed from afar by Sigmund

Illustrated notes

Levels and vault maps discovered:
D:1:      sevenhm_arrival_forest_fort_large_2, layout_loops_ring
D:2:      layout_rooms, serial_shops, shop, chequers_serial_rivers_micro_a,
          small_statue_intersection, dreamdust_princess_corridor, corexii_shack
D:4:      layout_loops_ring, nicolae_ossuary_entry_plus, wad_orctagon,
          uniq_edmund, uniq_ijyb, uniq_sigmund

Skill      XL: |  1  2 |
---------------+-------+-----
Stealth        | 1 |  1.9
Fighting       | 1 |  1.1
Hexes          | 4 |  4.0
Ranged Weapons | |  2.5
Dodging        | |  2.6
Spellcasting   | |  1.3

Action                   || total
-------------------------++-------
 Fire: Sling             ||    74
Armor: Robe              ||     1
Dodge: Dodged            ||    25
